[Event "ICC tourney 2149 (70 10)"]
[Site "Internet Chess Club"]
[Date "2020.11.22"]
[Round "4"]
[White "yugsshah"]
[Black "MinnArkie"]
[Result "0-1"]
[ICCResult "White resigns"]
[WhiteElo "1219"]
[BlackElo "1489"]
[Opening "Budapest defense declined"]
[ECO "A51"]
[NIC "QG.01"]
[Time "12:33:14"]
[TimeControl "4200+10"]

1. d4 Nf6 2. c4 e5 3. Bg5 Bb4+ 4. Nd2 exd4 5. a3 h6 6. Bxf6 Bxd2+ 7. Qxd2
Qxf6 8. Nf3 O-O 9. Qxd4 Qxd4 10. Nxd4 c5 11. Nb3 b6 12. e4 Nc6 13. Be2 Re8
14. f3 a5 15. O-O a4 16. Nd2 Nd4 17. Bd3 Ba6 18. Rab1 f5 19. exf5 d5 20. b3
axb3 21. Rfe1 dxc4 22. Bxc4+ Bxc4 23. Nxc4 b5 24. Rxe8+ Rxe8 25. Nd6 Ra8 26.
Re1 Nc2 27. Rb1 c4 28. Nxb5 Nxa3 29. Nd6 Nxb1 {White resigns} 0-1

[Event "ICC tourney 2149 (70 10)"]
[Site "Internet Chess Club"]
[Date "2020.11.22"]
[Round "4"]
[White "Coolkido"]
[Black "attalone"]
[Result "1-0"]
[ICCResult "Black resigns"]
[WhiteElo "987"]
[BlackElo "1510"]
[Opening "French: exchange variation"]
[ECO "C01"]
[NIC "FR.01"]
[Time "12:35:00"]
[TimeControl "4200+10"]

1. e4 e6 2. d4 d5 3. exd5 exd5 4. Bd3 Nf6 5. c3 Be7 6. Bf4 O-O 7. Nf3 c6 8.
O-O Bg4 9. Nbd2 Nbd7 10. h3 Be6 11. Qc2 h6 12. Ne5 Rc8 13. Ndf3 c5 14. Qd2
cxd4 15. cxd4 Nb6 16. Rac1 Bd6 17. Bb1 Qe7 18. Qd3 Rxc1 19. Rxc1 Rc8 20.
Rxc8+ Bxc8 21. Bc2 Bd7 22. a3 Qe8 23. Qe3 Be6 24. g4 Be7 25. g5 hxg5 26.
Nxg5 Nc4 27. Nxc4 dxc4 28. Nxe6 fxe6 29. Qxe6+ Qf7 30. Qc8+ Bf8 31. Bf5 Qe7
32. Qxc4+ Kh8 33. Be5 a6 34. d5 Qxe5 35. Qh4+ Kg8 36. Be6+ Qxe6 37. dxe6 Be7
38. Qc4 Kh7 39. Qc7 Bf8 40. e7 Nd5 41. exf8=Q Nxc7 42. Qe7 Nb5 43. Qxb7
{Black resigns}
1-0

[Event "ICC tourney 2149 (70 10)"]
[Site "Internet Chess Club"]
[Date "2020.11.22"]
[Round "4"]
[White "Rakib-Hasan"]
[Black "tjdavis2nd"]
[Result "1-0"]
[ICCResult "Black resigns"]
[WhiteElo "1577"]
[BlackElo "1176"]
[Opening "King's pawn game"]
[ECO "C21"]
[NIC "KP.10"]
[Time "12:33:23"]
[TimeControl "4200+10"]

1. e4 e5 2. d4 c5 3. dxe5 Nc6 4. Nf3 g6 5. Bc4 Bg7 6. Qd6 Qe7 7. Qxe7+ Ngxe7
8. Bf4 O-O 9. Nc3 Nb4 10. O-O-O b6 11. a3 Nbc6 12. Nb5 Na5 13. Ba2 Bb7 14.
Nd6 Ba6 15. Ng5 Bh6 16. Ndxf7 Bxg5 17. Nxg5+ c4 18. Bg3 Rad8 19. h4 Bb5 20.
Rd2 Ba4 21. Rhd1 d5 22. exd6 Nec6 23. Ne6 Nb3+ 24. cxb3 cxb3 25. Bb1 Rc8 26.
d7 Nd4+ 27. dxc8=Q Rxc8+ 28. Nc7 Rxc7+ 29. Bxc7 {Black resigns} 1-0

[Event "ICC tourney 2149 (70 10)"]
[Site "Internet Chess Club"]
[Date "2020.11.22"]
[Round "4"]
[White "akhilkakarla"]
[Black "karthikp"]
[Result "0-1"]
[ICCResult "White resigns"]
[WhiteElo "1142"]
[BlackElo "1469"]
[Opening "Queen's pawn, Mason variation"]
[ECO "D00"]
[NIC "QP.08"]
[Time "12:33:19"]
[TimeControl "4200+10"]

1. d4 d5 2. Bf4 Bf5 3. Nf3 Nf6 4. e3 e6 5. Nbd2 Bd6 6. Bxd6 Qxd6 7. c3 Qb6
8. Qb3 Nbd7 9. Be2 Ne4 10. Qxb6 Nxb6 11. Nxe4 Bxe4 12. b3 Rc8 13. O-O O-O
14. Nd2 Bg6 15. Nf3 Bh5 16. Rfe1 c5 17. Ne5 Bxe2 18. Rxe2 f6 19. Nf3 a5 20.
Ree1 c4 21. Rec1 Rc7 22. h3 Rfc8 23. Rab1 cxb3 24. Rxb3 Na4 25. Rc2 Nxc3 26.
Ra3 a4 27. Ne1 b5 28. Nd3 Nb1 29. Rxc7 Rxc7 {White resigns} 0-1

[Event "ICC tourney 2149 (70 10)"]
[Site "Internet Chess Club"]
[Date "2020.11.22"]
[Round "4"]
[White "miles42"]
[Black "BL1867"]
[Result "1/2-1/2"]
[ICCResult "Game drawn by mutual agreement"]
[WhiteElo "1303"]
[BlackElo "1317"]
[Opening "QGD: 4.Bg5"]
[ECO "D50"]
[NIC "QO.16"]
[Time "12:34:09"]
[TimeControl "4200+10"]

1. d4 d5 2. c4 e6 3. Nc3 Nf6 4. Bg5 Bb4 5. e3 O-O 6. a3 Bxc3+ 7. bxc3 h6 8.
Bh4 c6 9. Nf3 Nbd7 10. cxd5 exd5 11. Bd3 Re8 12. O-O Qa5 13. Qc2 Ne4 14. c4
Ndf6 15. c5 Qc3 16. Qxc3 Nxc3 17. Bxf6 gxf6 18. Rfc1 Ne4 19. Bxe4 dxe4 20.
Nd2 Bf5 21. Nc4 Bc8 22. Rab1 Re6 23. Nd6 b5 24. Rb4 a5 25. Rb2 a4 26. d5
cxd5 27. Nxb5 Rb8 28. Rcb1 Rc6 29. h3 Rxc5 30. Na7 Rxb2 31. Rxb2 Kg7 32.
Nxc8 Rxc8 33. Rb5 Rc3 34. Rxd5 Rxa3 35. Rd4 f5 36. g4 Ra1+ 37. Kg2 a3 38.
gxf5 a2 39. Ra4 Kf6 40. Ra5 Kg5 41. Kh2 h5 42. Kg2 h4 43. Kh2 Kf6 44. Kg2
Ke7 45. Kh2 f6 46. Ra6 Kd7 47. Kg2 Kc7 48. Kh2 Kb7 49. Ra5 Kb6 50. Ra8 Kb5
51. Rb8+ Kc4 52. Ra8 Kd3 53. Kg2 Ke2 54. Ra6 Kd2 55. Kh2 Kc2 56. Kg2 Kb2 57.
Rb6+ Kc2 58. Ra6 Kb2 59. Rb6+ Kc2 60. Rc6+ Kb2 61. Rb6+ Kc2 62. Ra6 Kb2 63.
Rb6+ Kc2 64. Rc6+ Kb2 65. Ra6 Rc1 66. Rb6+ Ka1 67. Rxf6 Rc2 68. Rd6 Kb1 69.
Rb6+ Rb2 70. Rd6 a1=Q 71. Rd1+ Ka2 72. Rxa1+ Kxa1 73. f6 Rb8 74. f3 exf3+
75. Kxf3 Rf8 76. Kg4 Rxf6 77. Kxh4 Re6 78. Kg5 Rxe3 79. h4 Rg3+ 80. Kf6 Rh3
{Game drawn by mutual agreement}
1/2-1/2

[Event "ICC tourney 2149 (70 10)"]
[Site "Internet Chess Club"]
[Date "2020.11.22"]
[Round "4"]
[White "jalenwang"]
[Black "GiganticCell"]
[Result "0-1"]
[ICCResult "White resigns"]
[WhiteElo "1311"]
[BlackElo "1403"]
[Opening "English opening"]
[ECO "A20"]
[NIC "EO.24"]
[Time "12:33:16"]
[TimeControl "4200+10"]

1. c4 e5 2. g3 Nf6 3. Bg2 Nc6 4. Nc3 Bc5 5. e3 O-O 6. Nge2 Bb6 7. d4 exd4 8.
exd4 Re8 9. O-O d6 10. h3 Bf5 11. Be3 Qd7 12. Kh2 Rad8 13. Qd2 Nb4 14. a3
Nc2 15. Rac1 Nxe3 16. fxe3 c5 17. dxc5 dxc5 18. Qxd7 Rxd7 19. Rxf5 Rxe3 20.
Rf3 Re5 21. Rd1 Rxd1 22. Nxd1 Rxe2 23. Re3 Rd2 24. Nc3 Rxb2 25. Nd5 h6 26.
Nxf6+ gxf6 27. h4 Rc2 28. Re4 Rc3 29. Rf4 Bc7 30. Rg4+ Kf8 31. Bxb7 f5 32.
Rf4 Bxf4 33. gxf4 Rxa3 34. Bc8 Rf3 35. Bxf5 Rxf4 36. Bh3 {White resigns} 0-1

[Event "ICC tourney 2149 (70 10)"]
[Site "Internet Chess Club"]
[Date "2020.11.22"]
[Round "4"]
[White "leilei8514"]
[Black "haarim"]
[Result "1-0"]
[ICCResult "Black resigns"]
[WhiteElo "1366"]
[BlackElo "1435"]
[Opening "French: Rubinstein variation"]
[ECO "C03"]
[NIC "FR.07"]
[Time "12:33:18"]
[TimeControl "4200+10"]

1. e4 e6 2. d4 d5 3. Nd2 dxe4 4. Nxe4 Nd7 5. Nf3 Ngf6 6. Nxf6+ Nxf6 7. c3 c5
8. Be3 Qb6 9. Qc2 Be7 10. Bd3 O-O 11. O-O Bd7 12. Ng5 h6 13. Ne4 Nxe4 14.
Bxe4 Bc6 15. Bd3 cxd4 16. Bxd4 Bc5 17. Be5 Rfd8 18. Rad1 Rd5 19. Bh7+ Kh8
20. Rxd5 Bxd5 21. b4 Be7 22. Be4 Qc6 23. Bxd5 Qxd5 24. Bd4 Rc8 25. Qb2 Qc4
26. Qd2 a6 27. Qxh6+ {Black resigns} 1-0

[Event "ICC tourney 2149 (70 10)"]
[Site "Internet Chess Club"]
[Date "2020.11.22"]
[Round "4"]
[White "beans123"]
[Black "jnkut"]
[Result "1-0"]
[ICCResult "Black resigns"]
[WhiteElo "1421"]
[BlackElo "1558"]
[Opening "Sicilian: dragon, Levenfish variation"]
[ECO "B71"]
[NIC "SI.15"]
[Time "12:33:27"]
[TimeControl "4200+10"]

1. e4 c5 2. Nf3 d6 3. d4 cxd4 4. Nxd4 Nf6 5. Nc3 g6 6. f4 a6 7. Bc4 Bg7 8.
e5 dxe5 9. fxe5 Ng4 10. Nf3 Qxd1+ 11. Nxd1 Nxe5 12. Nxe5 Bxe5 13. O-O O-O
14. Nc3 Nc6 15. a3 Bf5 16. Bh6 Bg7 17. Bxg7 Kxg7 18. Bd3 Bxd3 19. cxd3 Rad8
20. Rad1 Ne5 21. Rfe1 Nc6 22. Na4 b5 23. Rc1 Nd4 24. Nc5 Rc8 25. Rxe7 Rfe8
26. Rxe8 Rxe8 27. Kf1 Rc8 28. Ne6+ Nxe6 29. Rxc8 Nf4 30. d4 Nd3 31. b4 Nb2
32. Ra8 Kf6 33. Rxa6+ Kf5 {Black resigns} 1-0

[Event "ICC tourney 2149 (70 10)"]
[Site "Internet Chess Club"]
[Date "2020.11.22"]
[Round "4"]
[White "Queen4aKing"]
[Black "Exocytosis"]
[Result "0-1"]
[ICCResult "White resigns"]
[WhiteElo "1510"]
[BlackElo "377"]
[Opening "Robatsch (modern) defense"]
[ECO "B06"]
[NIC "KF.05"]
[Time "12:33:22"]
[TimeControl "4200+10"]

1. e4 g6 2. d4 Bg7 3. Nf3 d6 4. Bc4 Nf6 5. Nc3 a6 6. O-O O-O 7. h3 Nc6 8.
Re1 Rb8 9. Bg5 b5 10. Bb3 Bb7 11. e5 Ne8 12. exd6 cxd6 13. d5 Ne5 14. Nxe5
Bxe5 15. f4 Bf6 16. Bh6 Bg7 17. Bxg7 Nxg7 18. Ne4 Bc8 19. Qf3 Bf5 20. g4
Bxe4 21. Qxe4 Qb6+ 22. Kh1 f5 23. Qf3 Rf7 24. Re2 Rbf8 25. g5 Nh5 26. Rae1
Qd4 27. Rf1 Qxb2 28. c3 Qa3 29. Rfe1 Re8 30. Re6 Qc5 31. Bd1 Ng7 32. R6e3
Qa3 33. Bb3 a5 34. R1e2 Qc5 35. c4 Nh5 36. cxb5 Qxb5 37. Rc2 a4 38. Rc7 axb3
39. axb3 Kf8 40. Re1 Rb8 41. Qc3 Kg8 42. Kg2 Nxf4+ 43. Kf3 Nxd5 44. Rc8+ Rf8
45. Rxf8+ Rxf8 46. Qd2 Qxb3+ 47. Kg2 Qc4 48. Kh1 Rc8 49. h4 Qxh4+ 50. Kg1
Qg3+ 51. Kh1 Qf3+ 52. Kg1 Rc4 {White resigns} 0-1

[Event "ICC tourney 2149 (70 10)"]
[Site "Internet Chess Club"]
[Date "2020.11.22"]
[Round "4"]
[White "Futurebus"]
[Black "travelworld"]
[Result "0-1"]
[ICCResult "White checkmated"]
[WhiteElo "1510"]
[BlackElo "1201"]
[Opening "Scotch: Göring gambit"]
[ECO "C44"]
[NIC "SO.06"]
[Time "12:33:18"]
[TimeControl "4200+10"]

1. e4 e5 2. Nf3 Nc6 3. d4 exd4 4. c3 dxc3 5. Nxc3 d6 6. Bc4 Nf6 7. e5 Nxe5
8. Nxe5 dxe5 9. Bxf7+ Ke7 10. Qxd8+ Kxd8 11. Bg5 Be7 12. O-O-O+ Bd6 13. Nd5
Rf8 14. Nxf6 gxf6 15. Bxf6+ Kd7 16. Bxe5 Rxf7 17. Rd2 Re7 18. f4 a5 19. g4
Ra6 20. g5 Rc6+ 21. Kb1 Ke8 22. Bxd6 Rxd6 23. Rxd6 cxd6 24. b3 Bf5+ 25. Kb2
Re2+ 26. Ka1 Be4 27. Rd1 Kd7 28. Rd4 d5 29. f5 Rxh2 30. g6 hxg6 31. fxg6 Rg2
32. Ra4 b6 33. b4 axb4 34. Rxb4 Bxg6 35. Ra4 Kc6 36. Rf4 Kc5 37. Rf1 d4 38.
Rc1+ Kb4 39. Rd1 Kc3 40. a4 Kb3 41. Rd3+ Bxd3 42. a5 Ra2# {White checkmated}
0-1

[Event "ICC tourney 2149 (70 10)"]
[Site "Internet Chess Club"]
[Date "2020.11.22"]
[Round "4"]
[White "hydroflares"]
[Black "Deng16"]
[Result "0-1"]
[ICCResult "White checkmated"]
[WhiteElo "1525"]
[BlackElo "1449"]
[Opening "Giuoco Piano"]
[ECO "C50"]
[NIC "IG.02"]
[Time "12:33:29"]
[TimeControl "4200+10"]

1. e4 e5 2. Nf3 Nc6 3. Bc4 Bc5 4. O-O Nf6 5. Ng5 O-O 6. Bxf7+ Rxf7 7. Nxf7
Kxf7 8. d3 h6 9. Nd2 d6 10. Nb3 Bb6 11. h3 Kg8 12. Qf3 a5 13. Qg3 Nh5 14.
Qg6 Nf4 15. Bxf4 exf4 16. Qh5 Qf6 17. c3 g6 18. Qe2 Ne5 19. Nd2 f3 20. Nxf3
Nxf3+ 21. Qxf3 Qxf3 22. gxf3 Bxh3 23. Rfe1 Rf8 24. d4 Rxf3 25. Re3 Rxe3 26.
fxe3 Bg4 27. Kf2 Kg7 28. Rg1 h5 29. Kg3 g5 30. Rf1 c6 31. Rf2 Bc7 32. b4
axb4 33. cxb4 d5+ 34. e5 Bd8 35. Rb2 Bd7 36. a4 h4+ 37. Kh2 g4 38. b5 cxb5
39. axb5 g3+ 40. Kg2 Bf5 41. Ra2 Be4+ 42. Kh3 g2 43. Kh2 Bg5 44. Re2 h3 45.
Re1 Bh4 46. Re2 Bg3+ 47. Kxh3 g1=Q 48. Ra2 Bf5# {White checkmated} 0-1

[Event "ICC tourney 2149 (70 10)"]
[Site "Internet Chess Club"]
[Date "2020.11.22"]
[Round "4"]
[White "iamvoltu"]
[Black "ejrdz2007"]
[Result "1-0"]
[ICCResult "Black checkmated"]
[WhiteElo "1488"]
[BlackElo "1383"]
[Opening "Queen's pawn, Mason variation"]
[ECO "D00"]
[NIC "QP.08"]
[Time "12:33:57"]
[TimeControl "4200+10"]

1. d4 d5 2. Bf4 c6 3. Nf3 e6 4. e3 f5 5. Nbd2 Nf6 6. c4 Bd6 7. Bg3 O-O 8.
Bd3 Ne4 9. Bxd6 Qxd6 10. c5 Qe7 11. Ne5 Nd7 12. Ndf3 g5 13. Nxd7 Bxd7 14.
Ne5 Kg7 15. Qh5 Be8 16. Qe2 b6 17. b4 a5 18. Bxe4 dxe4 19. bxa5 bxc5 20. Qd2
Kg8 21. Rc1 cxd4 22. exd4 h6 23. Nxc6 Bxc6 24. Rxc6 Kf7 25. Qc3 Qd8 26. Rc7+
Kg8 27. d5 Rf7 28. Rxf7 Kxf7 29. dxe6+ Kxe6 30. Qc6+ Ke5 31. Qc5+ Qd5 32.
Qe7+ Kf4 33. Qc7+ Kg4 34. h3+ Kh5 35. g4+ Kg6 36. Qb6+ Kg7 37. Qc7+ Kf6 38.
Qb6+ Ke5 39. Qc7+ Kd4 40. O-O Qc4 41. Qd6+ Kc3 42. Rc1+ Kb2 43. Rxc4 Rxa5
44. Qb6+ Kxa2 45. Qxa5+ Kb3 46. Qb5+ Ka3 47. Ra4# {Black checkmated} 1-0

[Event "ICC tourney 2149 (70 10)"]
[Site "Internet Chess Club"]
[Date "2020.11.22"]
[Round "4"]
[White "chessmonk"]
[Black "EmmiDM"]
[Result "0-1"]
[ICCResult "White checkmated"]
[WhiteElo "1310"]
[BlackElo "1523"]
[Opening "Sicilian: closed"]
[ECO "B23"]
[NIC "SI.44"]
[Time "12:35:29"]
[TimeControl "4200+10"]

1. e4 c5 2. Nc3 e6 3. d3 d5 4. exd5 exd5 5. g3 Nf6 6. Bg2 Be6 7. Nge2 Bd6 8.
O-O O-O 9. d4 Nc6 10. Be3 cxd4 11. Nxd4 Be5 12. Nxe6 fxe6 13. Ne2 Rc8 14. c3
Bb8 15. Nf4 Qe7 16. Re1 Bxf4 17. Bxf4 Rcd8 18. Qc2 e5 19. Rad1 Qc7 20. Bg5
e4 21. Bxf6 Rxf6 22. c4 Ne5 23. Qc3 Nd3 24. Re2 Qf7 25. cxd5 Rxf2 26. Qd2
Rf8 27. Rxf2 Qxf2+ 28. Qxf2 Nxf2 29. Rf1 e3 30. Re1 Rd8 31. Rxe3 Nd1 32. Rb3
b6 33. Kf1 Re8 34. d6 Ne3+ 35. Kf2 Nxg2 36. Kxg2 Rd8 37. Rd3 Kf7 38. Kf3 Ke6
39. Ke4 Rxd6 40. Rxd6+ Kxd6 41. Kd4 b5 42. b4 g5 43. h3 h5 44. h4 g4 45. Ke4
Ke6 46. Kd3 Kd5 47. Kc3 Ke4 48. Kd2 Kf3 49. Kd3 Kxg3 50. Ke3 Kxh4 51. Kf2
Kh3 52. Kg1 h4 53. Kh1 g3 54. a3 Kg4 55. Kg2 h3+ 56. Kg1 Kf3 57. Kf1 h2 58.
a4 h1=Q# {White checkmated} 0-1

[Event "ICC tourney 2149 (70 10)"]
[Site "Internet Chess Club"]
[Date "2020.11.22"]
[Round "4"]
[White "welmo"]
[Black "Draconian"]
[Result "1-0"]
[ICCResult "Black resigns"]
[WhiteElo "1529"]
[BlackElo "1551"]
[Opening "Sicilian: Labourdonnais-Löwenthal variation"]
[ECO "B32"]
[NIC "SI.32"]
[Time "12:33:22"]
[TimeControl "4200+10"]

1. e4 c5 2. Nf3 Nc6 3. d4 cxd4 4. Nxd4 e5 5. Nf3 Nf6 6. Nc3 Bb4 7. Bc4 O-O
8. O-O d6 9. Qd3 Bg4 10. h3 Bxf3 11. Qxf3 Nd4 12. Qd3 Nd7 13. Ne2 Nc5 14.
Qg3 Nxe4 15. Qg4 Nxe2+ 16. Qxe2 Nf6 17. c3 Bc5 18. Be3 Bxe3 19. Qxe3 Qc7 20.
Bb3 a5 21. a3 a4 22. Bc2 d5 23. Rfe1 Rfe8 24. Rad1 Qc6 25. f3 e4 26. fxe4
Nxe4 27. Qd4 Nf6 28. Rxe8+ Qxe8 29. Qb4 Qe3+ 30. Kh1 Qf2 31. Qxb7 Re8 32.
Bxa4 Re1+ 33. Rxe1 Qxe1+ 34. Kh2 Qe5+ 35. Kh1 Qe1+ 36. Kh2 Qe5+ 37. Kh1 h5
38. Qc8+ Kh7 39. Qc5 Qe1+ 40. Qg1 Qd2 41. Qb1+ g6 42. Bb5 Ne4 43. Kh2 f5 44.
a4 f4 45. Qf1 Ng3 46. Qg1 Qxb2 47. Qd1 Qxc3 48. Qxd5 Qe3 49. Qf7+ Kh6 50.
Qf8+ Kg5 51. Qd8+ Kf5 52. Qd3+ Qxd3 53. Bxd3+ Ke5 54. Bxg6 Kd4 55. a5 Kc5
56. a6 Kb6 57. Bd3 h4 58. Kg1 Nh5 59. Kf2 Nf6 60. Kf3 Nd5 61. Kg4 Ne3+ 62.
Kxf4 Nxg2+ 63. Kg4 Ka7 64. Be2 Kb6 65. Kf3 Ne1+ 66. Kg4 Ng2 67. Bf3 Ne3+ 68.
Kxh4 Kxa6 69. Kg5 Kb6 70. h4 Nc4 71. h5 Kc7 72. h6 Kd7 73. Kg6 Ne5+ 74. Kg7
Ke7 75. h7 Nf7 76. Bh5 Nh8 77. Kxh8 Kf8 78. Bg6 Ke7 79. Kg8 Kf6 80. h8=Q+
Kxg6 81. Qg7+ Kf5 82. Qe7 Kf4 83. Qe6 {Black resigns} 1-0

[Event "ICC tourney 2149 (70 10)"]
[Site "Internet Chess Club"]
[Date "2020.11.22"]
[Round "4"]
[White "LegacyCreator"]
[Black "MonoDubs"]
[Result "0-1"]
[ICCResult "White checkmated"]
[WhiteElo "1382"]
[BlackElo "1468"]
[Opening "English, 1...Nf6 (Anglo-Indian defense)"]
[ECO "A15"]
[NIC "EO.64"]
[Time "12:33:22"]
[TimeControl "4200+10"]

1. c4 Nf6 2. g3 g6 3. Bg2 Bg7 4. Nc3 d6 5. e3 O-O 6. Nge2 Nbd7 7. O-O a6 8.
d4 e5 9. dxe5 Nxe5 10. b3 Rb8 11. f4 Ned7 12. Nd4 Nc5 13. b4 Ne6 14. Bb2
Nxd4 15. Qxd4 Ng4 16. Qd2 b5 17. h3 Nh6 18. Nd5 bxc4 19. Bxg7 Kxg7 20. Qd4+
f6 21. Qa7 Bb7 22. a3 Nf5 23. g4 Ne7 24. Nxe7 Bxg2 25. Nxg6 hxg6 26. Kxg2
Ra8 27. Qd4 d5 28. Rfd1 c6 29. Rac1 Re8 30. g5 Qe7 31. Qb2 Qe4+ 32. Kf2
Qxe3+ 33. Kg2 Qxf4 34. gxf6+ Qxf6 35. Qxf6+ Kxf6 36. Rf1+ Kg7 37. Rf3 a5 38.
Rcf1 Re7 39. Rf6 axb4 40. axb4 Ra2+ 41. Kg3 Rc7 42. Rd6 Ra6 43. Rff6 Kh7 44.
b5 Ra3+ 45. Kg4 cxb5 46. Rxg6 Rd3 47. Rb6 c3 48. Rh6+ Kg7 49. Rbg6+ Kf7 50.
Rb6 Rc4+ 51. Kf5 Rf3+ 52. Ke5 c2 53. Rh7+ Kg8 54. Rd7 Rcf4 55. Rc6 Rf5+ 56.
Kd4 R5f4+ 57. Kxd5 Rd3+ 58. Ke5 Rc4 59. Rg6+ Kf8 60. Rxd3 Rc5+ 61. Kd6 Rc6+
62. Kxc6 c1=Q+ 63. Kd7 Qf4 64. Rdd6 Qf5+ 65. Kd8 Kf7 66. Rh6 Qg5+ 67. Kc7
Qc5+ 68. Kb7 Kg7 69. Rhg6+ Kf7 70. h4 Qf5 71. Rh6 Qe4+ 72. Rc6 b4 73. Rf6+
Kg7 74. h5 Qe7+ 75. Kb6 Qxf6 76. h6+ Qxh6 77. Rxh6 Kxh6 78. Kc5 b3 79. Kc4
b2 80. Kc5 b1=Q 81. Kd4 Qd1+ 82. Ke3 Qc2 83. Kd4 Qe2 84. Kc3 Qe4 85. Kd2 Qf3
86. Kc2 Qe3 87. Kb2 Qd3 88. Ka2 Qc3 89. Kb1 Qd2 90. Ka1 Kg6 91. Kb1 Kf5 92.
Ka1 Ke4 93. Kb1 Kd4 94. Ka1 Kc3 95. Kb1 Qb2# {White checkmated} 0-1

[Event "ICC tourney 2149 (70 10)"]
[Site "Internet Chess Club"]
[Date "2020.11.22"]
[Round "4"]
[White "aditya7708"]
[Black "ChalsparoV"]
[Result "1-0"]
[ICCResult "Black resigns"]
[WhiteElo "1546"]
[BlackElo "1515"]
[Opening "Réti opening"]
[ECO "A04"]
[NIC "QP.11"]
[Time "12:33:59"]
[TimeControl "4200+10"]

1. Nf3 c6 2. d4 d5 3. Bf4 Nf6 4. e3 Qb6 5. Qc1 Bf5 6. Nbd2 e6 7. c3 Nbd7 8.
Be2 Rc8 9. O-O h6 10. h3 c5 11. Ne5 cxd4 12. exd4 Nxe5 13. Bxe5 Nd7 14. Nf3
Nxe5 15. Nxe5 Bd6 16. f4 a6 17. Qd2 Qc7 18. Rae1 Be4 19. Bf3 Bxf3 20. Rxf3
Bxe5 21. fxe5 b5 22. a3 a5 23. Ref1 Rf8 24. Qe2 Qc4 25. Qf2 Rc7 26. Qg3 g6
27. Qh4 h5 28. Qf4 b4 29. axb4 axb4 30. Rg3 Rg8 31. Ra1 Qc6 32. cxb4 Rc8 33.
Rc3 Qb7 34. Ra7 Qxa7 35. Rxc8+ {Black resigns} 1-0

[Event "ICC tourney 2149 (70 10)"]
[Site "Internet Chess Club"]
[Date "2020.11.22"]
[Round "4"]
[White "kd9junior"]
[Black "ruhanv"]
[Result "0-1"]
[ICCResult "White checkmated"]
[WhiteElo "1425"]
[BlackElo "1269"]
[Opening "QGD Slav: 3.Nf3"]
[ECO "D11"]
[NIC "SL.01"]
[Time "12:33:35"]
[TimeControl "4200+10"]

1. d4 d5 2. c4 c6 3. Nf3 Nf6 4. g3 dxc4 5. Bg2 Bf5 6. O-O e6 7. Nc3 h6 8.
Bf4 Bd6 9. Bxd6 Qxd6 10. Ne5 Qc7 11. Nxc4 Nbd7 12. e4 Bg6 13. f4 Bh5 14. Qc2
b5 15. Ne5 Qb6 16. Kh1 Nxe5 17. dxe5 Ng4 18. Nd1 Rc8 19. Bf3 g6 20. Qe2 f5
21. exf6 Nxf6 22. g4 Bxg4 23. Bxg4 c5 24. e5 Nxg4 25. Qxg4 Rg8 26. Qf3 Rf8
27. Ne3 h5 28. Rad1 Rc6 29. Qg3 Rg8 30. Qg5 c4 31. Rfe1 Qc7 32. Rd6 Rxd6 33.
exd6 Qxd6 34. Qf6 Rf8 35. Qxg6+ Rf7 36. Qxh5 Qc6+ 37. Nd5 a5 38. Rxe6+ Qxe6
39. Nc7+ Ke7 40. Nxe6 Kxe6 41. Qe5+ Kd7 42. Qxb5+ Ke7 43. Qb7+ Ke6 44. Qxf7+
Kxf7 45. Kg2 a4 46. h4 a3 47. bxa3 c3 48. a4 c2 49. Kf3 c1=Q 50. Ke4 Qa3 51.
a5 Qxa5 52. a3 Qxa3 53. Kd4 Qd6+ 54. Ke3 Qh6 55. h5 Qxh5 56. Kd4 Ke6 57. f5+
Qxf5 58. Kc4 Qc2+ 59. Kb4 Kd5 60. Kb5 Qb2+ 61. Ka6 Kc5 62. Ka7 Kc6 63. Ka8
Qb7# {White checkmated} 0-1

[Event "ICC tourney 2149 (70 10)"]
[Site "Internet Chess Club"]
[Date "2020.11.22"]
[Round "4"]
[White "serenacool"]
[Black "chessfans2020"]
[Result "1-0"]
[ICCResult "Black checkmated"]
[WhiteElo "1313"]
[BlackElo "1492"]
[Opening "French: exchange variation"]
[ECO "C01"]
[NIC "FR.01"]
[Time "12:33:48"]
[TimeControl "4200+10"]

1. e4 e6 2. d4 d5 3. exd5 exd5 4. c4 Nf6 5. Nf3 Bb4+ 6. Nc3 O-O 7. Bg5 Re8+
8. Be2 dxc4 9. O-O Bxc3 10. bxc3 b5 11. a4 c6 12. Ne5 Bb7 13. Ng4 Nbd7 14.
Rb1 a6 15. Bxc4 Qe7 16. h3 Qd6 17. Qf3 Nd5 18. Bb3 N7b6 19. a5 Nd7 20. c4
N5f6 21. c5 Qxd4 22. Rbd1 Qe4 23. Rxd7 Nxd7 24. Qxf7+ Kh8 25. Qxd7 Reb8 26.
Nh6 Qb4 27. Nf7+ Kg8 28. Nd8+ Qxb3 29. Qe8# {Black checkmated} 1-0

[Event "ICC tourney 2149 (70 10)"]
[Site "Internet Chess Club"]
[Date "2020.11.22"]
[Round "4"]
[White "RatislavK"]
[Black "WaSabi5829"]
[Result "1-0"]
[ICCResult "Black resigns"]
[WhiteElo "1203"]
[BlackElo "1360"]
[Opening "Neo-Grünfeld, 6.O-O, main line"]
[ECO "D79"]
[NIC "GI.02"]
[Time "12:33:15"]
[TimeControl "4200+10"]

1. d4 Nf6 2. Nf3 g6 3. g3 Bg7 4. Bg2 d5 5. O-O O-O 6. c4 c6 7. cxd5 cxd5 8.
Nc3 Nc6 9. Ne5 Bf5 10. Be3 e6 11. h3 h5 12. f3 Nb4 13. Rc1 g5 14. Bxg5 Bg6
15. Qb3 a5 16. a3 Bc2 17. Rxc2 Nxc2 18. Qxc2 Rc8 19. Qd2 Qe8 20. Bxf6 Bxf6
21. Qh6 Bg7 22. Qxh5 Qe7 23. Qg4 Qd6 24. Kh2 f5 25. Qg5 Rf6 26. e4 dxe4 27.
fxe4 Qxd4 28. Ng6 Kf7 29. exf5 e5 30. Bd5+ Ke8 31. Nxe5 Rxc3 32. bxc3 Qxd5
33. Qe3 Rd6 34. Nc4+ Kf8 35. Nxd6 Qxd6 36. Re1 Qd7 37. Qe6 Qd8 38. c4 a4 39.
h4 b6 40. Re2 b5 41. cxb5 Bf6 42. Kh3 Kg7 43. Qe8 Qxe8 44. Rxe8 Bb2 45. Ra8
Bxa3 46. Rxa4 Bd6 47. g4 Bf8 48. g5 Bd6 49. Kg4 Kh7 50. h5 Kg7 51. g6 Kg8
52. h6 Kh8 53. Kh5 Kg8 54. f6 Kf8 55. Ra8+ {Black resigns} 1-0

[Event "ICC tourney 2149 (70 10)"]
[Site "Internet Chess Club"]
[Date "2020.11.22"]
[Round "4"]
[White "GalaxyToast"]
[Black "Quickburger9000"]
[Result "0-1"]
[ICCResult "White resigns"]
[WhiteElo "1371"]
[BlackElo "393"]
[Opening "English: symmetrical, Botvinnik system"]
[ECO "A36"]
[NIC "EO.30"]
[Time "12:33:25"]
[TimeControl "4200+10"]

1. c4 c5 2. Nc3 Nc6 3. g3 g6 4. Bg2 Bg7 5. e4 Nf6 6. Nge2 O-O 7. d3 d6 8. h3
a6 9. O-O Bd7 10. Be3 Qc7 11. Qd2 Rfb8 12. a4 e5 13. Bg5 Nd4 14. Nxd4 cxd4
15. Ne2 Qc8 16. Kh2 h5 17. Qb4 Qc5 18. Qd2 a5 19. Qc2 Bc6 20. Rfc1 Nd7 21.
h4 Qb6 22. Bh3 Nc5 23. Rf1 Bxa4 24. Rxa4 Nxa4 25. Qxa4 Qxb2 26. Ng1 b5 27.
cxb5 Qxb5 28. Bd7 Qxd3 29. Bc6 Qxf1 30. Bxa8 Qxf2+ 31. Kh1 Rb2 {White
resigns} 0-1

[Event "ICC tourney 2149 (70 10)"]
[Site "Internet Chess Club"]
[Date "2020.11.22"]
[Round "4"]
[White "ColdSpringAZ"]
[Black "mehtaaditya"]
[Result "1-0"]
[ICCResult "Black checkmated"]
[WhiteElo "1454"]
[BlackElo "1563"]
[Opening "Four knights: Spanish variation"]
[ECO "C48"]
[NIC "KP.03"]
[Time "12:33:33"]
[TimeControl "4200+10"]

1. e4 e5 2. Nf3 Nc6 3. Nc3 Nf6 4. Bb5 d6 5. d4 a6 6. Bxc6+ bxc6 7. dxe5 dxe5
8. Qxd8+ Kxd8 9. Nxe5 Ke8 10. f3 Bb7 11. Bd2 Bd6 12. Nc4 Bb4 13. a3 Bxc3 14.
Bxc3 a5 15. Nxa5 Rb8 16. Nxb7 Rxb7 17. O-O-O Rg8 18. Rd3 Ke7 19. Rhd1 Rgb8
20. g4 Ne8 21. e5 f6 22. exf6+ Nxf6 23. Re1+ Kf7 24. b3 Nd5 25. Bb2 Rf8 26.
c4 Nf4 27. Rd7+ Kg6 28. Rxg7+ Kh6 29. Re3 Rd8 30. Bf6 Rd6 31. g5+ Kh5 32.
Rxh7+ Kg6 33. Rg7+ Kh5 34. Kc2 Ne6 35. Rh7+ Kg6 36. Rh6+ Kf7 37. Bc3 Nxg5
38. Rxd6 cxd6 39. f4 Ne6 40. Rg3 Kf8 41. f5 Nc5 42. Bb4 Ne4 43. Re3 Nf6 44.
Bxd6+ Kg8 45. Re7 Rb6 46. c5 Ra6 47. a4 Ra8 48. Re6 Nd5 49. h4 Ra7 50. h5
Rf7 51. Re5 Rh7 52. Kb2 Rxh5 53. Ka3 Rh7 54. Re8+ Kf7 55. Rc8 Kf6 56. Rxc6
Kxf5 57. Rc8 Ra7 58. Rf8+ Ke4 59. Rb8 Ra6 60. b4 Nc3 61. a5 Kd5 62. Kb3 Ne4
63. Bc7 Ra7 64. Bb6 Ra6 65. Rd8+ Ke6 66. Kc4 Ke7 67. b5 Rxb6 68. cxb6 Kxd8
69. Kd5 Nc3+ 70. Kc6 Kc8 71. a6 Kb8 72. Kc5 Na4+ 73. Kc6 Nc3 74. b7 Na4 75.
a7+ Kxa7 76. Kc7 Nb6 77. b8=Q# {Black checkmated} 1-0